Dins, lawful male dwarven Archeologist ---------------- ---------- ------------ |..............| |........| --..........| |........$...... #-........| |...........| |..............| #|........| |...........| ------.-------.- #------.--- |...........| ## # #### # |...........| # # # # ##...........-- ## # # # # # --------.--- - ---.-- ############# # ### ### # |....... --.---# #------ # # # # | ----.| |....| #|....-----# ### ### # #.@.## |....| #|........|# # # # |.|## |....| #|........|# ----|------### #* | ----.| ## .....| %|........|# |.........|# # |..^...| |.$.>+ #..........# |.........|# -.-- -------- ------ |........| |.........|# |..| ---------- |.(......<.# |..| ----------- ---- Dins the Digger Experience level: 1 Strength: 12 Dexterity: 10 Constitution: 12 Intelligence: 14 Wisdom: 15 Charisma: 12 Health: 12(15) Energy: 1(1) Def: 1 Gold: 881 Moves: 166 Dungeon seed: yOpqFMmu-xzSnHd3 Game ID: Dins_1528901809 Your Inventory: Coins $ - 881 gold pieces Weapons a - an uncursed +2 bullwhip h - a blessed +0 boomerang (in quiver) Armor e - an uncursed +0 leather jacket (being worn) n - an uncursed +0 fedora (being worn) Comestibles b - 3 uncursed food rations Scrolls j - a cursed scroll of create monster Potions k - an uncursed potion of healing l - an uncursed potion of hallucination Wands d - an uncursed wand of light (0:14) Tools c - an uncursed +0 pick-axe (weapon in hand) f - an uncursed sack g - an uncursed tin opener i - an uncursed tallow candle (0:200) Gems q - an uncursed touchstone Spells and supernatural/magical abilities: Name Level Category Fail Memory W - pray for help -- divine ? -- Your skills at the end: Miscellaneous Skills wands [Basic] Weapon Skills pick-axe [Basic] boomerang [Basic] whip [Basic] Spellcasting Skills Final Attributes: You were fervently aligned. You had infravision. You were very stealthy. You were fast. You survived. Vanquished creatures: 2 geckos a newt 2 grid bugs a bat a kobold zombie 7 creatures vanquished. Voluntary challenges: You went without food. You did not adorn yourself with jewelry or accessories. You did not cause conflict. You were not invisible. You did not have reflection. You were not displaced. You were an atheist. You used a wielded weapon 10 times, starting on turn 10. You did not use containers. You did not apply a unicorn horn. You did not use plumbed fixtures. You did not drink any magical draughts. You were illiterate. You never genocided any monsters. You never polymorphed an object. You never changed form. You used no wishes. You never split a pudding. You never wrote Elbereth's name. You never violated your personal moral code. Dungeon overview: The Dungeons of Doom: levels 1 to 5 Level 1 a long staircase Level 2 Level 3 Level 4 <- You were here Level 5 History has recorded: On T:1 you entered the Dungeons of Doom to retrieve the Amulet of Yendor! On T:8 you reached level 2 of The Dungeons of Doom. On T:15 you reached level 3 of The Dungeons of Doom. On T:23 you reached level 4 of The Dungeons of Doom. On T:126 you reached level 5 of The Dungeons of Doom. Score breakdown: Gold: 881 ( 88 points) Experience: 1 level ( 0 points) Exploration: 5 levels ( 120 points) Discoveries: 0 items ( 0 points) Variety of kills: 5 monsters ( 250 points) Major goal: (nothing yet) ( 0 points) Survival: quit (score multiplied by 3) Total score: 1374 Latest messages: You hit the bat. The bat bites! You kill the bat! You see here a dark green potion. k - a dark green potion. The door opens. $ - 28 gold pieces. The kobold zombie scratches you! You destroy the kobold zombie! You see here a kobold corpse. With great effort you move the boulder. You see here a cloudy potion. l - a cloudy potion. You start digging. You hit the rock with all your might. You succeed in cutting away some rock. You start digging. You hit the rock with all your might. You make an opening in the wall. You start digging. You hit the rock with all your might. You succeed in cutting away some rock. Never mind. To quit the game, use the 'save' command (typically on 'S'). Final status: Goodbye Dins the Archeologist, quit... You quit in The Dungeons of Doom on dungeon level 4 with 1374 points, and 881 pieces of gold, after 166 moves. You were level 1 with a maximum of 15 hit points when you quit.